 Dungeon Sprint DCSS version 0.31.0-9-g3a7656b989 (webtiles) character file.

Game seed: 5656132657657478113

153 Heoruswealwe the Spear-Bearer (level 5, -10/52 HPs)
             Began as a Minotaur Fighter on Feb 2, 2024.
             Mangled by a two-headed ogre
             ... wielding a +0 giant club
              (28 damage)
             ... in the Dungeon (Sprint IX: "|||||||||||||||||||||||||||||").
             The game lasted 00:01:03 (125 turns).

Heoruswealwe the Spear-Bearer (Minotaur Fighter)     Turns: 125, Time: 00:01:04

Health: -10/52     AC:  7    Str: 22    XL:     5   Next: 12%
Magic:  4/4        EV:  9    Int:  5    God:
Gold:   0          SH:  4    Dex: 10    Spells: 4/4 levels left

rFire   . . .        a - +0 trident
rCold   . . .        d - +0 buckler
rNeg    . . .        c - +0 scale mail
rPois   .            (helmet restricted)
rElec   .            (no cloak)
rCorr   .            (no gloves)
SInv    .            (no boots)
Will    .....        (no amulet) Stlth
                     (no ring)
HPRegen 0.28/turn    (no ring)
MPRegen 0.09/turn

%: no teleportation
@: no status effects
A: horns 2, retaliatory headbutt
a: no special abilities


You were in the Dungeon.
You visited 1 branch

Inventory:

Hand Weapons
 a - a +0 trident (weapon)
Armour
 c - a +0 scale mail (worn)
 d - a +0 buckler (worn)
Jewellery
 n - a +3 ring of intelligence
 o - a +3 ring of strength
Wands
 m - a wand of iceblast (10)
Scrolls
 j - 2 scrolls of blinking
 l - 2 scrolls of amnesia
Potions
 b - a potion of might
 e - a potion of invisibility
 f - 2 potions of heal wounds
 g - a potion of haste
 h - 2 potions of magic
 i - a potion of berserk rage
 k - 4 potions of curing


   Skills:
 + Level 7.2 Fighting
 * Level 9.1 Polearms
 + Level 7.1 Armour
 - Level 3.6 Shields


You had 4 spell levels left.
You didn't know any spells.
Your spell library was empty.

Dungeon Overview and Level Annotations

Branches:
Dungeon (1/1)

Altars:
Cheibriados
Dithmenos
Elyvilon
Fedhas
Gozag
Hepliaklqana
Kikubaaqudgha
Makhleb
Nemelex Xobeh
Okawaru
Qazlal
Ru
Sif Muna
Trog
Uskayaw
Vehumet
Wu Jian
Xom
Yredelemnul
Zin
The Shining One
Jiyva
Lugonu


Innate Abilities, Weirdness & Mutations

You have a pair of horns on your head.
You reflexively headbutt those who attack you in melee.


Message History

n - a +3 ring of intelligence
o - a +3 ring of strength You open the door.
A centaur, a kobold brigand, a two-headed ogre, a steam dragon, a gnoll sergeant and a killer bee come into view.
The kobold brigand is wielding a +0 dagger and quivering poisoned darts.
The centaur shouts!
The kobold brigand shouts!
The two-headed ogre shouts in stereo!
The steam dragon hisses angrily.
The centaur wields a +0 orcbow.
The centaur shoots an arrow.
The arrow closely misses you.
You hit the centaur.
The centaur is lightly wounded.
The centaur unwields a +0 orcbow.
The centaur closely misses you. You block the centaur's attack.
You completely miss the centaur. You headbutt the centaur.
The centaur is lightly wounded.
The centaur hits you.
The centaur kicks you but does no damage.
You barely miss the centaur.
The centaur is lightly wounded.
The centaur barely misses you. You furiously retaliate!
You headbutt the centaur!
The centaur kicks you but does no damage.
The centaur hits you but does no damage.
The centaur kicks you.
You hit the centaur. You headbutt the centaur!
You kill the centaur!
Your Fighting skill increases to level 7!
Your Polearms skill gained 2 levels and is now at level 9!
Your Armour skill increases to level 7!
You have reached level 5!
You barely miss the kobold brigand. You block the kobold brigand's attack.
You puncture the kobold brigand!
The kobold brigand is moderately wounded.
You hit the two-headed ogre. You headbutt the two-headed ogre.
The two-headed ogre is lightly wounded.
You hit the two-headed ogre.
The two-headed ogre is lightly wounded.
The two-headed ogre hits you with a +0 giant club!!
Ouch! That really hurt!
You die...

▓!▓
▓.▓
▓)▓
▓.▓
▓[▓
▓[▓
▓[▓
▓.▓
▓@▓
▓O▓
▓K▓
▓D▓
▓g▓
▓y▓
▓.▓
▓.▓


You could see a two-headed ogre, a steam dragon, a kobold brigand, a gnoll
sergeant and a killer bee.

Vanquished Creatures
  A centaur (D)
  An iguana (D)
  An orc wizard (D)
  An adder (D)
  A white imp (D)
  An orc (D)
  A hobgoblin (D)
  3 kobolds (D)
  A goblin (D)
11 creatures vanquished.

Notes
Turn   | Place    | Note
-------+----------+-------------------------------------------
     0 | D        | Heoruswealwe the Minotaur Fighter began the quest for the
                  | Orb.
     0 | D        | Reached XP level 1. HP: 19/19 MP: 0/0
     8 | D        | Reached skill level 3 in Polearms
    38 | D        | Noticed an iguana
    38 | D        | Noticed an orc wizard
    45 | D        | Reached skill level 4 in Polearms
    45 | D        | Reached XP level 2. HP: 28/28 MP: 1/1
    47 | D        | HP: 1/28 [iguana (11)]
    54 | D        | Reached skill level 5 in Fighting
    54 | D        | Reached skill level 6 in Polearms
    54 | D        | Reached skill level 5 in Armour
    54 | D        | Reached XP level 3. HP: 13/36 MP: 2/2
    68 | D        | Reached skill level 7 in Polearms
    68 | D        | Reached XP level 4. HP: 6/44 MP: 3/3
    75 | D        | Found a snail-covered altar of Cheibriados.
    75 | D        | Found a shadowy altar of Dithmenos.
    75 | D        | Found a white marble altar of Elyvilon.
    75 | D        | Found a blossoming altar of Fedhas.
    75 | D        | Found an opulent altar of Gozag.
    76 | D        | Found a hazy altar of Hepliaklqana.
    77 | D        | Found a viscous altar of Jiyva.
    78 | D        | Found an ancient bone altar of Kikubaaqudgha.
    79 | D        | Found a corrupted altar of Lugonu.
    80 | D        | Found a burning altar of Makhleb.
    81 | D        | Found a sparkling altar of Nemelex Xobeh.
    82 | D        | Found an iron altar of Okawaru.
    83 | D        | Found a stormy altar of Qazlal.
    84 | D        | Found a sacrificial altar of Ru.
    85 | D        | Found a shimmering blue altar of Sif Muna.
    86 | D        | Found a bloodstained altar of Trog.
    87 | D        | Found a hide-covered altar of Uskayaw.
    88 | D        | Found a radiant altar of Vehumet.
    89 | D        | Found an ornate altar of the Wu Jian Council.
    90 | D        | Found a shimmering altar of Xom.
    91 | D        | Found a basalt altar of Yredelemnul.
    92 | D        | Found a glowing silver altar of Zin.
    93 | D        | Found a glowing golden altar of the Shining One.
   117 | D        | Noticed a centaur
   117 | D        | Noticed a kobold brigand
   117 | D        | Noticed a two-headed ogre
   117 | D        | Noticed a steam dragon
   117 | D        | Noticed a gnoll sergeant
   121 | D        | Killed a centaur
   122 | D        | Reached skill level 9 in Polearms
   122 | D        | Reached XP level 5. HP: 17/52 MP: 4/4
   125 | D        | Mangled by a two-headed ogre

Illustrated notes

Levels and vault maps discovered:
D:        linesprint [early_d, line_temple, items_1, d_10, items_2, lair_1,
          lair_end, items_3, orc_1, orc_end, items_4, d_15, swamp_1, shoals_1,
          snake_1, spider_1, d_20, vaults_1, items_5, swamp_end, shoals_end,
          snake_end, spider_end, vaults_end, d_27, items_6, zot_1, zot_end,
          crypt_end, forest_end, elf_end, slime_end, tomb_end, abyss_end,
          pan_hell_end]

Skill      XL: |  1  2  3  4 |
---------------+-------------+-----
Polearms       | 4 6 7 9 |  9.1
Fighting       | 4 5 6 7 |  7.2
Armour         | 4 5 6 7 |  7.1
Shields        | |  3.6

Action                     |  1- 3 |  4- 6 || total
---------------------------+-------+-------++-------
  Melee: Trident           |    37 |    10 ||    47
         Headbutt          |     3 |     3 ||     6
    Use: Potion            |     2 |       ||     2
 Armour: Scale mail        |    26 |     6 ||    32
  Dodge: Dodged            |    11 |     4 ||    15
  Block: Buckler           |     3 |     2 ||     5
